 Dungeon Crawl Stone Soup version 0.27.1-3-gb3d3a73c9e (webtiles) character file.

Game seed: 14474918061630722969

9942 Elvor the Thaumaturge (level 11, -4/66 HPs)
             Began as a Deep Elf Conjurer on Oct 11, 2021.
             Was a Believer of Vehumet.
             Slain by a white ugly thing (28 damage)
             ... in an ice cave on Oct 12, 2021.
             The game lasted 01:37:21 (8545 turns).

Elvor the Thaumaturge (Deep Elf Conjurer)           Turns: 8545, Time: 01:37:22

Health: -4/66      AC: 12    Str:  4    XL:     11   Next: 29%
Magic:  17/28      EV: 15    Int: 33    God:    Vehumet [**....]
Gold:   555        SH:  8    Dex: 13    Spells: 15/33 levels left

rFire    . . .     SeeInvis .   s - +2 dagger (speed)
rCold    . . .     Faith    .   U - +2 kite shield {AC+3}
rNeg     . . .     Spirit   .   z - +0 steam dragon scales
rPois    .         Reflect  .   y - +2 helmet
rElec    .         Harm     .   (no cloak)
rCorr    .         Rampage  .   (no gloves)
Will     +....                  (no boots)
Stlth    +++.......             I - amulet of regeneration
HPRegen  1.21/turn              u - +6 ring of intelligence
MPRegen  0.21/turn              B - +4 ring of evasion

@: very slightly contaminated
A: no striking features
a: Renounce Religion


You were in an ice cave.
You worshipped Vehumet.
Vehumet was pleased with you.
You visited 3 branches of the dungeon, and saw 14 of its levels.
You also visited: Ice Cave.

You collected 555 gold pieces.

Inventory:

Hand Weapons
 s - a +2 dagger of speed (weapon)
Missiles
 d - 326 stones
 D - 41 poisoned darts
 S - 14 boomerangs of dispersal
Armour
 y - a +2 helmet (worn)
 z - +0 steam dragon scales (worn)
 U - a +2 kite shield of protection (worn)
Jewellery
 u - a +6 ring of intelligence (left hand)
 B - a +4 ring of evasion (right hand)
 I - an amulet of regeneration (around neck)
Wands
 t - a wand of flame (9)
 O - a wand of acid (8)
 Q - a wand of polymorph (8)
Scrolls
 c - 2 scrolls of vulnerability
 h - 2 scrolls of magic mapping
 j - 2 scrolls of fear
 l - a scroll of enchant weapon {unknown}
 n - 11 scrolls of teleportation
 o - 2 scrolls of immolation
 E - 2 scrolls of holy word {unknown}
 L - a scroll of acquirement {unknown}
 M - a scroll of noise {unknown}
 R - 2 scrolls of silence {unknown}
Potions
 f - 4 potions of curing
 g - a potion of brilliance
 w - 2 potions of haste
 x - 2 potions of cancellation
 A - a potion of magic {unknown}
 C - a potion of flight {unknown}
 H - a potion of berserk rage {unknown}
 P - a potion of invisibility {unknown}
 T - a potion of heal wounds


   Skills:
 * Level 6.8 Fighting
 + Level 3.6 Throwing
 + Level 4.1 Armour
 + Level 6.2 Dodging
 + Level 5.6 Stealth
 + Level 1.5 Shields
 + Level 11.5 Spellcasting
 + Level 10.0 Conjurations
 + Level 1.1 Earth Magic
 + Level 4.8 Evocations


You had 15 spell levels left.
You knew the following spells:

 Your Spells              Type           Power      Damage    Failure   Level
a - Magic Dart            Conj           100%       1d8       1%          1
b - Searing Ray           Conj           100%       3d7       1%          2
c - Fireball              Conj/Fire      25%        3d11      45%         5
d - Freeze                Ice            72%        1d9       14%         1
e - Hailstorm             Conj/Ice       51%        3d11      19%         4
f - Sandblast             Erth           52%        2d12      9%          1
g - Iskenderun's Mystic   Conj/Tloc      51%        2d11      19%         4

Your spell library contained the following spells:

 Spells                   Type           Power      Damage    Failure   Level
 Dazzling Flash           Conj/Hex       100%       N/A       5%          3
 Summon Small Mammal      Summ           72%        N/A       14%         1
 Fulminant Prism          Conj/Hex       25%        3d14      19%         4
 Ensorcelled Hibernation  Hex/Ice        36%        N/A       22%         2
 Call Canine Familiar     Summ           18%        N/A       38%         3
 Frozen Ramparts          Ice            36%        1d5       38%         3
 Gell's Gravitas          Tloc           9%         N/A       38%         3
 Lesser Beckoning         Tloc           9%         N/A       38%         3
 Spider Form              Tmut/Pois      9%         N/A       38%         3
 Summon Guardian Golem    Hex/Summ       18%        N/A       38%         3
 Teleport Other           Tloc           18%        N/A       38%         3
 Ice Form                 Ice/Tmut       18%        N/A       80%         4
 Summon Ice Beast         Ice/Summ       18%        N/A       80%         4
 Starburst                Conj/Fire      25%        6d8       95%         6
 Shadow Creatures         Summ           N/A        N/A       100%        6
 Ignition                 Fire           9%         3d5       100%        8


Dungeon Overview and Level Annotations

Branches:
Dungeon (12/15)            Temple (1/1) D:7            Lair (1/6) D:8
    Orc (0/2) D:11          IceCv (1/1)

Altars:
Ashenzari
Cheibriados
Dithmenos
Elyvilon
Fedhas
Gozag
Hepliaklqana
Kikubaaqudgha
Makhleb
Nemelex Xobeh
Okawaru
Qazlal
Ru
Sif Muna
Trog
Uskayaw
Vehumet
Wu Jian
Xom
Yredelemnul
Zin
The Shining One


Message History

Okay, then.
There is an ice covered gate leading back out of this place here.
Aiming: Searing Ray (safe; 1% risk of failure)
Press: ? - help, Q - select action, (/) - cycle Shift-Dir - straight line, f - elephant simulacrum
Aim: an elephant simulacrum (100% to hit)
The searing ray hits the elephant simulacrum!
The elephant simulacrum is moderately damaged. (Press . to maintain the ray.)
The white ugly thing gurgles horribly!
The searing ray hits the elephant simulacrum!
The elephant simulacrum is severely damaged.
The searing ray hits the elephant simulacrum!
The elephant simulacrum vaporises!
Vehumet accepts your kill.
You feel your power returning.
Your Earth Magic skill increases to level 1!
Restarting spell: Searing Ray (safe; 1% risk of failure)
Press: ? - help, Q - select action, (/) - cycle Shift-Dir - straight line, f - white ugly thing
Aim: a white ugly thing (83% to hit)
The searing ray hits the entropy weaver simulacrum.
The entropy weaver simulacrum is lightly damaged.
The searing ray hits the white ugly thing!
The white ugly thing is lightly wounded. (Press . to maintain the ray.)
The searing ray hits the entropy weaver simulacrum.
The entropy weaver simulacrum is moderately damaged.
The searing ray misses the white ugly thing.
The entropy weaver simulacrum hits you.
The entropy weaver simulacrum freezes you!!
The entropy weaver simulacrum completely misses you.
The entropy weaver simulacrum closely misses you.
The entropy weaver simulacrum hits you but does no damage.
Okay, then.
Casting: Searing Ray (safe; 1% risk of failure)
Confirm with . or Enter, or press ? or * to list all spells.
You miscast Iskenderun's Mystic Blast.
You are very lightly contaminated with residual magic.
A wave of violent energy washes through your body!
The white ugly thing trunk-slaps you. The white ugly thing freezes you!!
You die...

####
####...##
##........
##.........
##..........
#.......8..[
#.°..Z....$.
#.@Z∩....))©
#..u......(.
#....Z..8..!
##..........
##.........
##........
####...##
####


You could see a white ugly thing, 2 polar bear simulacra and an entropy weaver
simulacrum.

Vanquished Creatures
  3 two-headed ogres
  A centaur zombie (D:11)
  Maggie (D:6)
  A komodo dragon (D:8)
  3 trolls
  2 wraiths
  14 yaks
  A vampire mosquito (D:11)
  The ghost of CuBeRJAN3 the Magician, an amateur DEFE (D:5)
  2 water moccasins (D:7)
  3 orc warriors
  A black bear (D:5)
  A sky beast (D:7)
  4 ice beasts
  A phantom (D:5)
  5 centaurs
  2 kobold brigands
  A bullfrog (D:6)
  A scorpion (D:4)
  A water moccasin zombie (D:5)
  2 elephant simulacra
  20 killer bees
  3 wights (D:6)
  A howler monkey (D:9)
  A bullfrog zombie (D:5)
  A centaur skeleton (D:4)
  3 hounds (D:5)
  7 orc priests
  2 jellies
  3 bullfrog skeletons
  Jessica (D:3)
  3 orc wizards
  Natasha (thrice) (D:3)
  An iguana (D:4)
  A polar bear simulacrum (Lair:1)
  Robin (D:3)
  4 gnolls (D:5)
  A howler monkey zombie (D:10)
  3 adders
  A shadow imp (D:6)
  2 white imps
  An adder skeleton (D:4)
  A worm (D:2)
  A dart slug (D:2)
  12 orcs
  10 endoplasms
  5 giant cockroaches
  16 goblins
  12 hobgoblins
  13 jackals
  2 quokkas
  3 ball pythons
  3 bats
  3 frilled lizards
  19 kobolds
  4 rats
218 creatures vanquished.

Vanquished Creatures (collateral kills)
  A vampire mosquito (D:11)
1 creature vanquished.

Vanquished Creatures (others)
  A fungus (Lair:1)
  4 plants (D:8)
5 creatures vanquished.

Grand Total: 224 creatures vanquished

Notes
Turn   | Place    | Note
-------+----------+-------------------------------------------
     0 | D:1      | Elvor the Deep Elf Conjurer began the quest for the Orb.
     0 | D:1      | Reached XP level 1. HP: 10/10 MP: 6/6
   107 | D:1      | Reached XP level 2. HP: 15/15 MP: 6/8
   110 | D:1      | Learned a level 2 spell: Searing Ray
   126 | D:1      | Reached skill level 5 in Conjurations
   341 | D:1      | Reached XP level 3. HP: 20/20 MP: 4/9
  1270 | D:3      | Noticed Robin
  1292 | D:3      | Killed Robin
  1293 | D:3      | Reached skill level 1 in Fighting
  1293 | D:3      | Reached XP level 4. HP: 25/25 MP: 4/10
  1356 | D:3      | Noticed Natasha
  1362 | D:3      | Killed Natasha
  1569 | D:3      | Noticed Jessica
  1572 | D:3      | Noticed Natasha
  1572 | D:3      | Killed Jessica
  1573 | D:3      | Reached XP level 5. HP: 29/29 MP: 8/12
  1575 | D:3      | Killed Natasha
  1576 | D:3      | Reached skill level 4 in Spellcasting
  1840 | D:3      | Found a faded altar of an unknown god.
  1951 | D:3      | Noticed Natasha
  1957 | D:3      | Killed Natasha
  2199 | D:4      | Reached XP level 6. HP: 33/35 MP: 9/14
  2787 | D:5      | Entered Level 5 of the Dungeon
  2807 | D:5      | Reached skill level 5 in Spellcasting
  2867 | D:5      | Found a runed translucent gate.
  2867 | D:5      | Found a runed translucent gate.
  2867 | D:5      | Found a runed translucent gate.
  2867 | D:5      | Noticed CuBeRJAN3's ghost (amateur DEFE)
  2870 | D:5      | Found a basalt altar of Yredelemnul.
  2880 | D:5      | Reached XP level 7. HP: 38/40 MP: 11/17
  3033 | D:5      | Reached skill level 6 in Spellcasting
  3066 | D:5      | Reached skill level 1 in Armour
  3435 | D:5      | Killed CuBeRJAN3's ghost
  3578 | D:6      | Noticed Maggie
  3589 | D:6      | Killed Maggie
  3590 | D:6      | Reached skill level 1 in Evocations
  3590 | D:6      | Reached XP level 8. HP: 34/46 MP: 11/20
  3695 | D:6      | Reached skill level 7 in Spellcasting
  3832 | D:6      | Noticed a troll
  3839 | D:6      | Killed a troll
  3840 | D:6      | Reached skill level 5 in Stealth
  4404 | D:7      | Reached XP level 9. HP: 52/52 MP: 17/22
  4419 | D:7      | Found a staircase to the Ecumenical Temple.
  4434 | Temple   | Entered the Ecumenical Temple
  5039 | D:7      | Learned a level 5 spell: Fireball
  5122 | D:7      | Reached skill level 8 in Spellcasting
  5198 | D:7      | Found a sacrificial altar of Ru.
  5652 | D:8      | Reached skill level 1 in Shields
  5913 | D:8      | Found a staircase to the Lair.
  5914 | D:8      | Noticed a komodo dragon
  5924 | D:8      | Killed a komodo dragon
  5949 | D:8      | Reached skill level 9 in Spellcasting
  6098 | D:9      | Learned a level 1 spell: Freeze
  6103 | D:9      | Learned a level 4 spell: Hailstorm
  6131 | D:9      | Reached skill level 5 in Fighting
  6222 | D:9      | Found a radiant altar of Vehumet.
  6229 | D:9      | Became a worshipper of Vehumet
  6238 | D:9      | Found a shimmering blue altar of Sif Muna.
  6255 | D:9      | Found a snail-covered altar of Cheibriados.
  6295 | D:9      | Found a shadowy altar of Dithmenos.
  6443 | D:9      | Reached XP level 10. HP: 31/59 MP: 13/25
  6715 | D:10     | Entered Level 10 of the Dungeon
  6749 | D:10     | Reached * piety under Vehumet
  6749 | D:10     | Offered knowledge of Foxfire by Vehumet.
  6768 | D:10     | Reached skill level 10 in Spellcasting
  6776 | D:10     | Reached skill level 5 in Dodging
  6907 | D:10     | Noticed a two-headed ogre
  6918 | D:10     | Killed a two-headed ogre
  7209 | D:10     | Reached skill level 1 in Throwing
  7359 | D:11     | Noticed a two-headed ogre
  7367 | D:11     | Killed a two-headed ogre
  7748 | D:11     | Reached skill level 11 in Spellcasting
  7748 | D:11     | Reached XP level 11. HP: 66/66 MP: 20/28
  7800 | D:11     | Offered knowledge of Sandblast by Vehumet.
  7800 | D:11     | Reached ** piety under Vehumet
  7805 | D:11     | Learned a level 1 spell: Sandblast
  7891 | D:11     | Noticed a two-headed ogre
  7898 | D:11     | Killed a two-headed ogre
  7899 | D:11     | Reached skill level 10 in Conjurations
  8096 | D:11     | Found a staircase to the Orcish Mines.
  8441 | D:11     | Learned a level 4 spell: Iskenderun's Mystic Blast
  8505 | Lair:1   | Entered Level 1 of the Lair of Beasts
  8511 | Lair:1   | Found a frozen archway.
  8537 | IceCv    | Entered an ice cave
  8537 | IceCv    | Noticed a white ugly thing
  8543 | IceCv    | Reached skill level 1 in Earth Magic
  8545 | IceCv    | Slain by a white ugly thing

Illustrated notes

Levels and vault maps discovered:
D:1:      dpeg_arrival_water_altar, layout_rooms
D:2:      layout_loops_ring, minmay_strange_pillars, minmay_strange_pillars,
          corexii_hall_statues_l
D:3:      layout_basic, shapermc_ecumenical_altar_pompeii, uniq_jessica,
          uniq_robin, uniq_natasha
D:4:      layout_loops_ring, sigmund_army
D:5:      layout_loops_cross, nicolae_yredelemnul_ghost_church
D:6:      layout_cave_pods, uniq_maggie
D:7:      layout_basic, nicolae_ru_great_annihilating_truth,
          minmay_temple_entry_proselytizer, corexii_item_surrounded_by_moat
D:8:      layout_gridville, david_lair_shrubbed
D:9:      layout_rooms, nicolae_overflow_quartered_altars, due_unseen_surprise
D:10:     layout_rooms
D:11:     layout_irregular_city, orc_0_dummy, minmay_unpleasant_kobolds
D:12:     layout_gridville, minivault_22, st_stairs_4, kennysheep_nondescript,
          drop_trap, nicolae_shop_firing_range
Temple:   eino_temple_scatter_basement
Lair:1:   layout_regular_city, gauntlet_entry_generic,
          portal_ice_cave_entry_ice_simulacra, grunt_megastairs_3,
          infiniplex_staircase_pool
IceCv:    ice_cave_statue_garden_transporter

Skill      XL: |  1  2  3  4  5  6  7  8  9 10 11 |
---------------+----------------------------------+-----
Conjurations   | 5 6 7 8 9 10 | 10.0
Fighting       | 1 2 3 4 5 6 |  6.8
Stealth        | 3 4 5 |  5.6
Spellcasting   | 4 5 6 7 9 11 | 11.5
Dodging        | 3 4 6 |  6.2
Armour         | 1 2 4 |  4.1
Evocations     | 1 2 3 4 |  4.8
Shields        | 1 |  1.5
Throwing       | 2 3 |  3.6
Earth Magic    | 1 |  1.1

Action                   |  1- 3 |  4- 6 |  7- 9 | 10-12 || total
-------------------------+-------+-------+-------+-------++-------
Melee: Dagger            |       |     1 |     1 |       ||     2
Throw: Dart              |       |       |       |    29 ||    29
 Cast: Magic Dart        |    84 |    37 |    24 |    13 ||   158
       Searing Ray       |     4 |    21 |    59 |    47 ||   131
       Sandblast         |       |       |       |     9 ||     9
Evoke: Wand              |       |       |    16 |    12 ||    28
  Use: Scroll            |       |       |    13 |     3 ||    16
       Potion            |       |       |     2 |       ||     2
 Stab: Distracted        |       |     1 |       |       ||     1
Armor: Robe              |     2 |     1 |       |       ||     3
       Leather armour    |       |     5 |       |       ||     5
       Steam dragon scal |       |       |     5 |    17 ||    22
Dodge: Dodged            |     6 |    19 |    41 |    73 ||   139
Block: Buckler           |       |     1 |     3 |     9 ||    13
